 Dungeon Crawl Stone Soup version 0.19.1-1-g22dce08 (console) character file.

931 Grinner the Conjurer (level 7, -1/46 HPs)
             Began as a Mummy Conjurer on Jan 15, 2017.
             Shot with an arrow by a centaur (4 damage)
             ... on level 5 of the Dungeon.
             The game lasted 00:17:32 (4670 turns).

Grinner the Conjurer (Mummy Conjurer)               Turns: 4670, Time: 00:17:33

Health: -1/46      AC:  6    Str: 11    XL:     7   Next: 86%
Magic:  2/13       EV: 12    Int: 16    God:
Gold:   135        SH:  0    Dex: 16    Spells: 3 memorised, 9 levels left

rFire  x . .     SeeInvis .     m - +4 quarterstaff (chaos)
rCold  + . .     Gourm    .     a - +0 robe
rNeg   + + +     Faith    .     (shield currently unavailable)
rPois  ∞         Spirit   .     (no helmet)
rElec  .         Reflect  .     n - +2 cloak {rPois}
rCorr  .         Harm     .     (no gloves)
MR     .....     Rnd*Tele +     c - +0 pair of boots
Stlth  ++........               (no amulet)
                                q - +3 ring of dexterity
                                l - ring of teleportation (curse)

@: no status effects
A: no food or potions, fire vulnerability, cold resistance 1, negative energy
resistance 3, torment resistance, unbreathing
a: no special abilities


You were on level 5 of the Dungeon.
You were not hungry.

You visited 1 branch of the dungeon, and saw 5 of its levels.

You collected 135 gold pieces.

Inventory:

Hand Weapons
 m - a +4 quarterstaff of chaos (weapon)
Armour
 a - a +0 robe (worn)
 c - a +0 pair of boots (worn)
 n - a +2 cloak of poison resistance (worn)
 r - a +0 troll leather armour {Purgy}
Jewellery
 l - a cursed ring of teleportation (left hand)
 q - a +3 ring of dexterity (right hand)
Scrolls
 d - 2 scrolls of enchant armour {unknown}
 e - a scroll of fog {unknown}
 f - 3 scrolls of enchant weapon {unknown}
 g - a scroll of immolation {unknown}
 h - a scroll of random uselessness {unknown}
 i - a scroll of teleportation {unknown}
 j - 4 scrolls of noise {unknown}
 k - a scroll of magic mapping {unknown}
 o - a scroll of amnesia {unknown}
 p - a scroll of identify {unknown}
Books
 b - a book of Conjurations

   Spells                             Type                      Level
   a - Magic Dart                     Conjuration                  1
   b - Searing Ray                    Conjuration                  2
   c - Dazzling Spray                 Conjuration/Hexes            3
   d - Fulminant Prism                Conjuration/Hexes            4
   e - Iskenderun's Mystic Blast      Conjuration                  4
   f - Iskenderun's Battlesphere      Conjuration/Charms           5


   Skills:
 + Level 3.0 Staves
 + Level 1.6 Dodging
 - Level 1.5 Stealth
 + Level 4.5 Spellcasting
 * Level 6.4 Conjurations


You had 9 spell levels left.
You knew the following spells:

 Your Spells              Type           Power        Failure   Level  Hunger
s - Dazzling Spray        Conj/Hex       ##....       14%         3    N/A
x - Searing Ray           Conj           ###...       1%          2    N/A
z - Magic Dart            Conj           ###.         1%          1    N/A

Dungeon Overview and Level Annotations

Branches:
Dungeon (5/15)
 Temple: D:4-7

Altars:
Xom

Annotations:
D:3 1dollacoffee's ghost, amateur MiFi


Innate Abilities, Weirdness & Mutations

You do not eat or drink.
Your flesh is vulnerable to fire.
You are immune to poison.
Your flesh is cold resistant. (rC+)
You are immune to negative energy. (rN+++)
You are immune to unholy pain and torment.
You can survive without breathing.


Message History

The jackal barks!
The centaur shoots an arrow.
The arrow misses you.
Casting: Dazzling Spray
Confirm with . or Enter, or press ? or * to list all spells.
Aiming: Dazzling Spray
Press: ? - help, Shift-Dir - straight line, f/p - centaur
Aim: a centaur, wielding a shortbow (severely wounded)
The spray of energy hits the centaur.
The centaur is severely wounded.
The centaur shoots an arrow.
The arrow hits you.
* * * LOW HITPOINT WARNING * * *
The centaur shoots an arrow.
The arrow hits you but does no damage.
Casting: Dazzling Spray
Confirm with . or Enter, or press ? or * to list all spells.
You don't have enough magic to cast that spell.
A jackal comes into view.
The centaur shoots an arrow.
The arrow barely misses you.
The jackal barks!
The centaur shoots an arrow.
The arrow hits you.
You die...

. ####################
##.# #...............@..#
....#
##.###############c#.....#
#.# #...<#(..h...#
#.##########.####...._..#
#............# ....h....
############## >.........
..........# ......######
....?...


You could see a centaur and a jackal.

Vanquished Creatures
  Grinder (D:4)
  Purgy (D:4)
  2 ogres (D:4)
  A scorpion (D:4)
  An orc priest (D:4)
  Crazy Yiuf (D:2)
  2 hounds
  An orc wizard (D:4)
  Terence (D:3)
  An iguana (D:3)
  3 worker ants (D:4)
  A howler monkey skeleton (D:4)
  4 adders
  An ooze (D:4)
  An adder skeleton (D:4)
  A dart slug (D:1)
  2 leopard geckos (D:4)
  12 orcs
  7 bats
  4 giant cockroaches
  5 goblins
  8 hobgoblins
  13 jackals
  11 kobolds
  A quokka (D:3)
  2 ball pythons
  8 frilled lizards
  A quokka skeleton (D:4)
  7 rats
104 creatures vanquished.

Notes
Turn   | Place    | Note
-------+----------+-------------------------------------------
     0 | D:1      | Grinner the Mummy Conjurer began the quest for the Orb.
     0 | D:1      | Reached XP level 1. HP: 13/13 MP: 3/3
   469 | D:1      | Reached XP level 2. HP: 18/19 MP: 1/5
   980 | D:1      | Reached XP level 3. HP: 24/24 MP: 4/6
  1266 | D:1      | Learned a level 2 spell: Searing Ray
  1270 | D:1      | Learned a level 3 spell: Dazzling Spray
  1274 | D:1      | Reached skill level 4 in Conjurations
  1931 | D:2      | Found a runed door.
  2197 | D:2      | Reached XP level 4. HP: 10/30 MP: 0/8
  2680 | D:2      | Noticed Crazy Yiuf
  2689 | D:2      | Killed Crazy Yiuf
  2966 | D:3      | Reached XP level 5. HP: 23/35 MP: 0/9
  3101 | D:3      | Noticed Terence
  3112 | D:3      | Killed Terence
  3112 | D:3      | Reached skill level 1 in Staves
  3151 | D:3      | Noticed 1dollacoffee's ghost (amateur MiFi)
  3180 | D:4      | Reached skill level 5 in Conjurations
  3400 | D:4      | Reached XP level 6. HP: 33/41 MP: 3/11
  3663 | D:4      | Noticed Purgy
  3835 | D:4      | Noticed Grinder
  3843 | D:4      | Killed Purgy
  3843 | D:4      | Reached XP level 7. HP: 30/46 MP: 1/13
  3847 | D:4      | Paralysed by Grinder for 2 turns
  3862 | D:4      | Paralysed by Grinder for 3 turns
  4250 | D:4      | Killed Grinder
  4250 | D:4      | Reached skill level 6 in Conjurations
  4622 | D:5      | Entered Level 5 of the Dungeon
  4652 | D:5      | Found a shimmering altar of Xom.
  4670 | D:5      | Shot with an arrow by a centaur

Skill      XL: |  1  2  3  4  5  6  7 |
---------------+----------------------+-----
Conjurations   | 4 5 6 |  6.4
Spellcasting   | 3 4 |  4.5
Staves         | 1 2 3 |  3.0
Dodging        | |  1.6
Stealth        | |  1.5

Action                   |  1- 3 |  4- 6 |  7- 9 || total
-------------------------+-------+-------+-------++-------
Melee: Unarmed           |   141 |     1 |       ||   142
       Quarterstaff      |       |    82 |    48 ||   130
 Cast: Magic Dart        |    84 |    12 |    10 ||   106
       Searing Ray       |     3 |    12 |     6 ||    21
       Dazzling Spray    |       |     6 |     3 ||     9
 Stab: Sleeping          |       |     3 |       ||     3
       Paralysed         |       |     3 |       ||     3
Armor: Robe              |    49 |    31 |    13 ||    93
Dodge: Dodged            |   115 |    91 |    21 ||   227
